 Dungeon Crawl Stone Soup version 0.31-a0-978-g1e143483b6 (webtiles) character file.

Game seed: 9572329428132407196

2970 sammy202020 the Ruffian (level 9, 0/88 HPs)
             Began as a Troll Shapeshifter on Oct 30, 2023.
             Was a Priest of Okawaru.
             Slain by an orc knight
             ... wielding a +0 battleaxe
              (19 damage)
             ... in a bailey.
             The game lasted 00:12:35 (6313 turns).

sammy202020 the Ruffian (Troll Shapeshifter)        Turns: 6313, Time: 00:12:36

Health: 0/88       AC:  8    Str: 24    XL:     9   Next: 52%
Magic:  0/8        EV: 11    Int:  6    God:    Okawaru [***...]
Gold:   150        SH:  0    Dex: 11    Spells: 8/8 levels left

rFire   . .          .
                       - Unarmed
rCold   x . .        (no shield)
rNeg    . . .        a - +2 animal skin
rPois   +            (helmet currently unavailable)
rElec   .            (cloak currently unavailable)
rCorr   +            (gloves unavailable)
SInv    .            (boots unavailable)
Will    .....        i - amulet of guardian spirit
Stlth   +            r - ring of poison resistance
HPRegen 1.14/turn    w - ring of resist corrosion
MPRegen 0.11/turn

%: guardian spirit
@: beast-form
A: beast (slay +3), large, unfitting armour, claws 3, regeneration 1, shaggy fur
1, tough skin 1, iridescent scales 1, dopey 1, poison resistance, cold
vulnerability 1
a: Begin Untransformation, Renounce Religion, Heroism


You were in a bailey.
You worshipped Okawaru.
Okawaru was most pleased with you.
You were a hulking beast.
You visited 1 branch of the dungeon, and saw 9 of its levels.
You also visited: Bailey.

You collected 370 gold pieces.
You spent 220 gold pieces at shops.

Inventory:

Hand Weapons
 t - a +5 flail
Missiles
 s - 6 boomerangs
Armour
 a - a +2 animal skin (worn)
Jewellery
 i - an amulet of guardian spirit (around neck)
 r - a ring of poison resistance (left claw)
 w - a ring of resist corrosion (right claw)
Talismans
 c - a beast talisman (active)
 d - a flux talisman
Wands
 j - a wand of polymorph (7)
Scrolls
 k - 5 scrolls of teleportation
 m - 2 scrolls of enchant armour
 v - 3 scrolls of vulnerability
 y - a scroll of poison
Potions
 b - 3 potions of lignification
 e - a potion of degeneration
 f - 2 potions of might
 g - 5 potions of curing
 h - 2 potions of resistance
 l - a potion of berserk rage
 n - a potion of invisibility
 o - 2 potions of cancellation
 p - a potion of enlightenment {unknown}
 q - a potion of brilliance {unknown}
 z - 2 potions of ambrosia


   Skills:
 * Level 5.0 Fighting
 + Level 1.6 Maces & Flails
 * Level 4.8 Armour
 * Level 5.2 Dodging
 * Level 6.8 Unarmed Combat
 * Level 5.3 Shapeshifting


You had 8 spell levels left.
You didn't know any spells.
Your spell library contained the following spells:

 Spells                   Type           Power      Damage    Failure   Level
 Magic Dart               Conj           0%         1d3       45%         1
 Cigotuvi's Dreadful Rot  Necr/Pois/Air  0%         N/A       58%         2
 Searing Ray              Conj           0%         2d4       58%         2
 Sublimation of Blood     Necr           0%         N/A       58%         2
 Dispel Undead            Necr           0%         3d6       99%         4
 Fulminant Prism          Conj/Hex       0%         3d5       99%         4
 Petrify                  Tmut/Erth      0%         N/A       99%         4
 Irradiate                Conj/Tmut      0%         3d11      100%        5
 Death Channel            Necr           Unusable   N/A       N/A         6

Dungeon Overview and Level Annotations

Branches:
Dungeon (9/15)             Temple (0/1) D:5          Bailey (1/1)
   Lair: D:8-11         Orc: D:9-12

Altars:
Cheibriados
Dithmenos
Elyvilon
Gozag
Hepliaklqana
Makhleb
Okawaru
Qazlal
Ru
Trog
Uskayaw
Vehumet
Yredelemnul
Zin

Shops:
D:5 =

Annotations:
D:6 2 transporters


Innate Abilities, Weirdness & Mutations

You are a hulking beast.
Your limbs bulge with bestial killing power. (Slay +3)
You are too large for most types of armour.
You have claws for hands.
Your natural rate of healing is unusually fast.
You are covered in fur. (AC +1)
You have tough skin. (AC +1)
You are partially covered in iridescent scales. (AC +2)
You are dopey. (Int -2)
Your system is resistant to poisons. (rPois)
You are vulnerable to cold. (rC-)


Message History

You kill the goblin!
Okawaru accepts your kill.
You claw the gnoll!
The gnoll is severely wounded.
The gnoll hits you with a +0 hand axe!
You claw the gnoll!
You kill the gnoll!
Okawaru accepts your kill.
You scratch the goblin.
The goblin is severely wounded.
The goblin hits you but does no damage.
You mangle the goblin!!
You kill the goblin!
Okawaru accepts your kill.
You scratch the orc knight but do no damage.
You barely miss the goblin. You scratch the goblin.
You kill the goblin!
Okawaru accepts your kill.
The orc knight hits you with a +0 battleaxe!
You miss the orc knight.
The orc warrior no longer looks unusually strong.
The orc knight hits you with a +0 battleaxe!!
You mangle the orc knight!!
The orc knight is moderately wounded.
The orc knight closely misses you.
You claw the orc knight!
The orc knight is heavily wounded.
The orc warrior hits you with a +0 battleaxe!
The orc knight hits you with a +0 battleaxe!
You claw the orc knight!
The orc knight is severely wounded.
The orc warrior closely misses you.
The orc knight roars a battlecry!
The orc warrior goes into a battle-frenzy!
You feel better.
The orc warrior hits you with a +0 battleaxe!!
* * * LOW HITPOINT WARNING * * *
The orc knight hits you with a +0 battleaxe!!
You die...

# #8........!! #
#8.........! #
+.....⌠....∩ #
8.........! #
........?! ## ###
.......?# .###
###.###g....#
...### ###.....#o#
.....###.......oh##
......#...........#
......#...........#
⌠....)#.....⌠.....#
......)...........#
.....)#...........#
.....###.........##
...### ###.....###
.### ###.###


You could see an orc knight, an orc warrior (strong) and a goblin.

Vanquished Creatures
  Menkaure (D:4)
  A water moccasin (D:5)
  4 orc warriors
  3 ice beasts
  3 black bears
  2 centaurs
  Blork the orc (D:4)
  4 bullfrogs
  2 scorpions (D:7)
  5 wights (D:8)
  5 killer bees (D:8)
  A bullfrog zombie (D:4)
  4 jellies
  2 orc priests
  A hound (D:5)
  A centaur skeleton (D:4)
  A sleepcap (D:7)
  Natasha (twice) (D:4)
  2 orc wizards
  2 scorpion zombies (D:4)
  3 iguanas
  5 gnolls (Bailey)
  3 adders
  2 shadow imps
  A white imp (D:8)
  4 ufetubi
  2 adder skeletons (D:4)
  A worm (D:2)
  19 orcs
  3 bats
  5 endoplasms
  2 giant cockroaches
  12 hobgoblins
  5 jackals (D:5)
  3 quokkas
  4 ball pythons
  2 frilled lizards (D:1)
  15 goblins
  14 kobolds
  4 rats
  A butterfly (D:5)
157 creatures vanquished.

Notes
Turn   | Place    | Note
-------+----------+-------------------------------------------
     0 | D:1      | sammy202020 the Troll Shapeshifter began the quest for the
                  | Orb.
     0 | D:1      | Reached XP level 1. HP: 18/18 MP: 0/0
   115 | D:1      | Reached skill level 1 in Fighting
   119 | D:1      | Reached XP level 2. HP: 25/27 MP: 1/1
   302 | D:1      | Found a faded altar of an unknown god.
   424 | D:1      | Gained mutation: You possess an exceptional clarity of
                  | mind. [potion of mutation]
   424 | D:1      | Gained mutation: Your system is resistant to poisons.
                  | (rPois) [potion of mutation]
   424 | D:1      | Gained mutation: You occasionally lose the ability to drink
                  | potions when taking damage. [potion of mutation]
   424 | D:1      | Gained mutation: You expend magic power (3 MP) to
                  | strengthen your wands. [potion of mutation]
   632 | D:2      | Reached XP level 3. HP: 24/33 MP: 2/2
   681 | D:2      | Found a glowing silver altar of Zin.
   818 | D:2      | Reached skill level 1 in Armour
  1329 | D:3      | Found an iron altar of Okawaru.
  1403 | D:3      | Reached XP level 4. HP: 40/41 MP: 3/3
  1846 | D:3      | Found a stormy altar of Qazlal.
  1972 | D:4      | Noticed Menkaure
  1981 | D:4      | Killed Menkaure
  1982 | D:4      | Reached skill level 4 in Unarmed Combat
  1982 | D:4      | Reached XP level 5. HP: 22/49 MP: 4/4
  2274 | D:4      | Noticed Blork the orc
  2292 | D:4      | Killed Blork the orc
  2293 | D:4      | Reached XP level 6. HP: 22/58 MP: 5/5
  2566 | D:4      | Found a basalt altar of Yredelemnul.
  2892 | D:4      | Noticed Natasha
  2911 | D:4      | Killed Natasha
  2922 | D:4      | Noticed Natasha
  2932 | D:4      | Reached XP level 7. HP: 14/66 MP: 6/6
  2943 | D:4      | Killed Natasha
  2997 | D:4      | Identified the +4 dagger of the Cup {pain, Str+2}
  3118 | D:3      | Became a worshipper of Warmaster Okawaru
  3172 | D:5      | Entered Level 5 of the Dungeon
  3230 | D:5      | Found a shadowy altar of Dithmenos.
  3325 | D:5      | Found a snail-covered altar of Cheibriados.
  3475 | D:5      | Found a staircase to the Ecumenical Temple.
  3557 | D:5      | Reached skill level 5 in Unarmed Combat
  3712 | D:5      | Found Vaell's Jewellery Boutique.
  3742 | D:5      | Bought a ring of resist corrosion for 220 gold pieces
  3774 | D:6      | Found a transporter.
  3779 | D:6      | Reached XP level 8. HP: 68/75 MP: 5/7
  3785 | D:6      | Reached * piety under Okawaru
  3820 | D:6      | Found a transporter.
  4104 | D:6      | Found a radiant altar of Vehumet.
  4354 | D:6      | Lost mutation: You expend magic power (3 MP) to strengthen
                  | your wands. [potion of mutation]
  4354 | D:6      | Lost mutation: You possess an exceptional clarity of mind.
                  | [potion of mutation]
  4354 | D:6      | Lost mutation: You occasionally lose the ability to drink
                  | potions when taking damage. [potion of mutation]
  4354 | D:6      | Gained mutation: You are dopey. (Int -2) [potion of
                  | mutation]
  4354 | D:6      | Gained mutation: You are vulnerable to cold. (rC-) [potion
                  | of mutation]
  4354 | D:6      | Gained mutation: You are partially covered in iridescent
                  | scales. (AC +2) [potion of mutation]
  4417 | D:7      | Found a burning altar of Makhleb.
  4611 | D:7      | Found a white marble altar of Elyvilon.
  4689 | D:7      | Found a bloodstained altar of Trog.
  4751 | D:7      | Reached ** piety under Okawaru
  4752 | D:7      | Reached skill level 6 in Unarmed Combat
  4908 | D:7      | Found a faded altar of an unknown god.
  4908 | D:7      | Found a faded altar of an unknown god.
  4911 | D:7      | Found a hazy altar of Hepliaklqana.
  4961 | D:7      | Found a sacrificial altar of Ru.
  4970 | D:7      | Found an opulent altar of Gozag.
  5148 | D:8      | Identified the "Qaneu"
  5204 | D:8      | Identified the +8 long sword of Painful Death {venom,
                  | rElec}
  5334 | D:8      | Found a hide-covered altar of Uskayaw.
  5402 | D:8      | Reached XP level 9. HP: 85/85 MP: 8/8
  5467 | D:8      | Reached skill level 1 in Maces & Flails
  5467 | D:8      | Reached skill level 5 in Shapeshifting
  5475 | D:8      | Reached skill level 5 in Dodging
  6146 | D:9      | Found a flagged portal.
  6167 | Bailey   | Entered a bailey
  6264 | Bailey   | Reached *** piety under Okawaru
  6265 | Bailey   | Reached skill level 5 in Fighting
  6295 | Bailey   | Noticed an orc knight
  6313 | Bailey   | Slain by an orc knight

Illustrated notes

Levels and vault maps discovered:
D:1:      giann_bridges, layout_rooms, shapermc_ecumenical_altar_notcrosses
D:2:      layout_basic, basic_altar
D:3:      layout_loops_ring, nicolae_overflow_hidden_temple,
          mainiacjoe_overflow_alcove_2
D:4:      layout_cave_pools, marbit_many_paths, dilly_guarded_unrand_morg,
          uniq_menkaure, uniq_blork_the_orc
D:5:      layout_basic, overflow_temple_1_default,
          nicolae_dithmenos_shadow_blocks, minmay_temple_entry_butterflies,
          serial_shops, shop
D:6:      gammafunk_steamed_eel, layout_rooms, fiery_altar_vehumet,
          roderic_st_hans_cross
D:7:      layout_cave_pools, lemuel_round_altar,
          nicolae_hepliaklqana_ecumenical_no_more, bloody_makhleb,
          mainiacjoe_overflow_swirl, mainiacjoe_overflow_brackets,
          kennysheep_generic_room_14
D:8:      layout_basic, lemuel_doored_altar
D:9:      layout_gridville, due_lair_maze_entry_diamond, enter_bailey_4,
          patterned_corridor
Bailey:   bailey_axe_minmay_hex_keep, bailey

Skill      XL: |  1  2  3  4  5  6  7  8  9 |
---------------+----------------------------+-----
Fighting       | 1 2 3 4 5 |  5.0
Dodging        | 2 3 4 5 |  5.2
Armour         | 1 2 3 4 |  4.8
Unarmed Combat | 4 5 6 |  6.8
Shapeshifting  | 4 5 |  5.3
Maces & Flails | 1 |  1.6

Action                     |  1- 3 |  4- 6 |  7- 9 || total
---------------------------+-------+-------+-------++-------
  Melee: Unarmed           |    92 |   106 |   271 ||   469
         Punch             |     2 |     1 |    12 ||    15
    Use: Scroll            |     5 |       |    14 ||    19
         Potion            |     2 |       |     3 ||     5
 Armour: Animal skin       |    43 |    95 |   250 ||   388
  Dodge: Dodged            |    34 |    74 |   190 ||   298
   Form: Beast             |     1 |       |       ||     1

Table legend: (Time is in decaauts)
 A = Elapsed time spent in this place.
 B = Non-inter-level travel time spent in this place.
 C = Inter-level travel time spent in this place.
 D = Time resting spent in this place.
 E = Time spent auto-exploring this place.
 F = Levels seen in this place.
 G = Mean time per level.
                   A        B        C        D        E       F      G
               +--------+--------+--------+--------+--------+-----+--------+
         Total |   6269 |   6085 |    184 |    630 |   4053 |  10 |  626.9 |
       Dungeon |   6131 |   5947 |    184 |    630 |   3983 |   9 |  681.2 |
        Bailey |    137 |    137 |      0 |      0 |     70 |   1 |  137.0 |
               +--------+--------+--------+--------+--------+-----+--------+

Top non-repeatable levels by time:
     D:4: 1178 daAuts
     D:8: 895 daAuts
     D:2: 804 daAuts
     D:3: 750 daAuts
     D:7: 726 daAuts
     D:6: 639 daAuts
     D:5: 597 daAuts
     D:1: 425 daAuts
  Bailey: 137 daAuts
     D:9: 114 daAuts
